 Dungeon Crawl Stone Soup version 0.17-a0-2073-gde5cdba (webtiles) character file.

60 pk666 the Chopper (level 3, 0/34 HPs)
             Began as a Minotaur Berserker on Oct 14, 2015.
             Was a Believer of Trog.
             Slain by a giant gecko (1 damage)
             ... on level 2 of the Dungeon.
             The game lasted 00:02:45 (1386 turns).

pk666 the Chopper (Minotaur Berserker)              Turns: 1386, Time: 00:02:46

Health: 0/34       AC:  3    Str: 21    XL:     3   Next: 80%
Magic:  2/2        EV: 12    Int:  4    God:    Trog [**....]
Gold:   44         SH:  0    Dex: 10    Spells: 0 memorised, 2 levels left

rFire  . . .     SeeInvis .     a - +0 hand axe
rCold  . . .     Clarity  .     b - +0 animal skin
rNeg   . . .     SustAt   .     (no shield)
rPois  .         Gourm    .     (helmet restricted)
rElec  .         Spirit   .     (no cloak)
rCorr  .         Warding  .     l - +0 pair of gloves
rMut   .         Stasis   .     (no boots)
MR     .....                    (no amulet)
Stlth  +.........               (no ring)
                                (no ring)

@: lethally poisoned (0 -> -2), exhausted, slowed, very slow, not resistant to
hostile enchantments, very unstealthy
A: retaliatory headbutt, horns 2
a: Burn Spellbooks, Berserk, Trog's Hand, Renounce Religion


You were on level 2 of the Dungeon.
You worshipped Trog.
Trog was pleased with you.
You were hungry.

You visited 1 branch of the dungeon, and saw 2 of its levels.

You collected 44 gold pieces.

Inventory:

Hand Weapons
 a - a +0 hand axe (weapon)
Armour
 b - a +0 animal skin (worn)
 l - a +0 pair of gloves (worn)
Jewellery
 m - a +5 ring of dexterity {unknown}
Scrolls
 f - 3 scrolls of fog {unknown}
 g - a scroll of recharging {unknown}
 i - 2 scrolls of teleportation {unknown}
Potions
 d - a potion of lignification {unknown}
 e - a potion of might {unknown}
 j - a potion of degeneration {unknown}
Comestibles
 c - a bread ration
 h - 2 meat rations
 k - 3 fruits


   Skills:
 + Level 4.4 Fighting
 * Level 4.8 Axes
 + Level 2.9 Armour
 - Level 2.1 Dodging


You had 2 spell levels left.
You didn't know any spells.

Dungeon Overview and Level Annotations

Branches:
Dungeon (2/15)

Altars:
Fedhas
Xom


Innate Abilities, Weirdness & Mutations

You reflexively headbutt those who attack you in melee.
You have a pair of horns on your head.


Message History

A giant gecko comes into view.
An adder comes into view.
You see here a quokka corpse.
You butcher the quokka corpse.
The giant gecko barely misses you.
Things that are here:
a chunk of flesh; a quokka skeleton Eat a chunk of flesh? (ye/n/q/i?) This raw flesh tastes terrible.
You are feeling hungry.
The giant gecko barely misses you. x2
You furiously retaliate!
You headbutt the giant gecko. The adder bites you.
* * * LOW HITPOINT WARNING * * *
You are poisoned.
The adder poisons you!
You continue eating.
* * * LOW HITPOINT WARNING * * *
You feel sick. The giant gecko bites you.
* * * LOW HITPOINT WARNING * * *
The adder barely misses you. The giant gecko bites you.
You die...

#...........#
#............ ?#
.....%......# ..
...........# ##.#
.........# ##...
.......### ...#..
#Sl......#
#...#######@>..###.#
#
#.........(......#..
..
###...###..(......!.
#.
#..)#.###..[.....##
..
##.###............#
#. ##..#
#####....).<##
.##.##..##
##.......# .....#.##
#.?.....# #....##
#.......#


You could see an adder and a giant gecko.

Vanquished Creatures
  2 adders (D:2)
  A worm (D:2)
  2 giant geckos
  2 ball pythons (D:1)
  2 bats (D:1)
  3 goblins (D:1)
  5 hobgoblins
  2 jackals (D:1)
  7 kobolds
  2 quokkas (D:2)
  A giant cockroach (D:2)
  3 giant newts (D:1)
  5 rats
37 creatures vanquished.

Notes
Turn   | Place    | Note
--------------------------------------------------------------
     0 | D:1      | pk666 the Minotaur Berserker began the quest for the Orb.
     0 | D:1      | Reached XP level 1. HP: 19/19 MP: 0/0
   405 | D:1      | Reached skill level 4 in Fighting
   405 | D:1      | Reached XP level 2. HP: 20/27 MP: 1/1
   889 | D:1      | Reached ** piety under Trog
   889 | D:1      | Reached XP level 3. HP: 31/33 MP: 2/2
  1175 | D:2      | Found a blossoming altar of Fedhas.
  1293 | D:2      | Found a shimmering altar of Xom.
  1293 | D:2      | Found a shimmering altar of Xom.
  1294 | D:2      | Found a shimmering altar of Xom.
  1386 | D:2      | HP: 1/34 [giant gecko (2)]
  1386 | D:2      | Slain by a giant gecko

Vault maps used:
D:1:      lightli_arrival_flooded_house, nrook_mini_backslash,
          grunt_decor_mini_mirrors
D:2:      lemuel_doored_altar, xom_redecorated

Action                   || total
-------------------------++-------
Melee: Hand axe          ||    89
Invok: Berserk           ||     1
 Stab: Sleeping          ||     1
  Eat: Chunk             ||     2
